[Event "Titled Tuesday Blitz August 1 Late 2023"]
[White "Zilleruelo Irizarry, Diego"]
[Black "Carrasco Miranda, Andres"]
[WhiteFideId "3101460"]
[BlackFideId "3405990"]
[WhiteElo "2334"]
[BlackElo "2417"]
[Result "0-1"]
[Round "11"]
[TimeControl "180+1"]
[Date "2023.08.01"]
[WhiteClock "0:00:04"]
[BlackClock "0:00:26"]
[Board "85"]

1. e4 e5 2. Nf3 Nc6 3. Bb5 Nf6 4. O-O Nxe4 5. Re1 Nd6 6. Nxe5 Be7 7. Bf1 Nxe5 8. Rxe5 O-O 9. d4 Bf6 10. Re1 Re8 11. Rxe8+ Nxe8 12. c3 g6 13. Nd2 Ng7 14. Ne4 Be7 15. d5 d6 16. c4 Bf5 17. Ng3 Bg5 18. Bxg5 Qxg5 19. Qb3 b6 20. Re1 h5 21. Qc3 h4 22. Ne2 Nh5 23. Nd4 Nf4 24. Nxf5 Qxf5 25. Qf3 Qg5 26. Re4 Nh5 27. Rg4 Qe7 28. Re4 Qg5 29. Qg4 Qxg4 30. Rxg4 Re8 31. Rxh4 Re1 32. f3 f5 33. Kf2 Rb1 34. b3 Rb2+ 35. Be2 Rxa2 36. f4 Nf6 37. Rh3 Ne4+ 38. Ke3 Rb2 39. Bd3 Rxb3 40. Ke2 Nc5 41. Bc2 Rxh3 42. gxh3 a5 43. h4 Kg7 44. h5 a4 45. Kd2 Ne4+ 46. Kc1 gxh5 47. Kb2 Kf6 48. Ka3 Nc5 49. Kb4 h4 50. h3 Ne4 51. Bxa4 Nf2 52. Bd7 Nxh3 53. Kb5 Nxf4 54. Kc6 h3 55. Kxc7 h2 56. Kxd6 h1=Q 57. Kc7 Qh7 58. d6 Ne6+ 59. Kc6 Nd4+ 60. Kc7 Ke5 61. Kc8 Qg8+ 62. Kc7 Qxc4+ 63. Bc6 Qxc6+ 64. Kb8 Qd7 65. Ka8 b5 66. Kb8 Nc6+ 67. Ka8 Qa7# 0-1


[Site "https://www.chess.com"]

[Event "Titled Tuesday Blitz August 1 Late 2023"]
[White "Garcia-Castany Musellas, Gal.la"]
[Black "Jorajuria Mendoza, Algol"]
[WhiteFideId "2241803"]
[BlackFideId "5128897"]
[WhiteElo "2332"]
[BlackElo "2394"]
[Result "1/2-1/2"]
[Round "11"]
[TimeControl "180+1"]
[Date "2023.08.01"]
[WhiteClock "0:00:19"]
[BlackClock "0:01:05"]
[Board "86"]

1. e4 c5 2. Nf3 Nc6 3. Bb5 g6 4. O-O Bg7 5. Re1 Nf6 6. e5 Nd5 7. Nc3 Nc7 8. Bxc6 dxc6 9. Ne4 b6 10. Nf6+ exf6 11. exf6+ Kf8 12. fxg7+ Kxg7 13. d3 Bf5 14. Bf4 Nd5 15. Be5+ f6 16. Bg3 Re8 17. Qd2 Qd7 18. Nh4 Bg4 19. h3 Bh5 20. d4 cxd4 21. Qxd4 Rxe1+ 22. Rxe1 Re8 23. Rxe8 Qxe8 24. c4 Ne7 25. Qd6 Qf7 26. Qc7 Be2 27. b3 g5 28. Qxe7 Qxe7 29. Nf5+ Kf7 30. Nxe7 Kxe7 31. Bb8 a6 32. Ba7 b5 33. cxb5 cxb5 34. Bd4 Ke6 35. f3 f5 36. Kf2 Bd3 37. Ke3 Bb1 38. a3 Kd5 39. Bf6 h6 40. Bg7 h5 41. Bf6 g4 42. fxg4 fxg4 43. hxg4 hxg4 44. Kf4 Bc2 45. Kxg4 Bxb3 46. Kf4 a5 47. g4 Bc2 48. Bc3 a4 49. Bb4 Ke6 50. Kg5 Kf7 51. Kh6 Bd3 52. g5 Bg6 53. Bc5 Bf5 54. Bb4 Bg6 55. Bc5 Bf5 56. Bb4 Bg6 1/2-1/2


[Site "https://www.chess.com"]

[Event "Titled Tuesday Blitz August 1 Late 2023"]
[White "Kubatko, Ivan"]
[Black "Silvestre, Christian"]
[WhiteFideId "24111473"]
[BlackFideId "30956269"]
[WhiteElo "2391"]
[BlackElo "2331"]
[Result "1-0"]
[Round "11"]
[TimeControl "180+1"]
[Date "2023.08.01"]
[WhiteClock "0:00:25"]
[BlackClock "0:00:00"]
[Board "87"]

1. e4 c6 2. d4 d5 3. exd5 cxd5 4. c4 dxc4 5. Bxc4 Qc7 6. Bb3 Bg4 7. Ba4+ Nd7 8. f3 Bf5 9. Nc3 Nf6 10. g4 Bg6 11. Nge2 e6 12. h4 h5 13. g5 Nd5 14. Nxd5 exd5 15. Nf4 Bf5 16. Kf2 Qd6 17. Re1+ Kd8 18. Ng2 Rc8 19. Bf4 Qb6 20. Bb3 Be6 21. Ne3 Bd6 22. Ng2 Re8 23. Bxd6 Qxd6 24. Qd2 g6 25. Qf4 Qb6 26. Kg3 Qc7 27. Rac1 Qxf4+ 28. Nxf4 Rxc1 29. Rxc1 Nb6 30. Rc5 Nd7 31. Rb5 b6 32. Bxd5 a6 33. Rb3 Bxd5 34. Nxd5 b5 35. a4 bxa4 36. Ra3 Re2 37. Rxa4 Rxb2 38. Rxa6 Rd2 39. Ra8+ Nb8 40. Rxb8+ 1-0


[Site "https://www.chess.com"]

[Event "Titled Tuesday Blitz August 1 Late 2023"]
[White "Vifleemskaia, Svetlana"]
[Black "Ai, Evan"]
[WhiteFideId "4129490"]
[BlackFideId "2094770"]
[WhiteElo "2381"]
[BlackElo "2321"]
[Result "0-1"]
[Round "11"]
[TimeControl "180+1"]
[Date "2023.08.01"]
[WhiteClock "0:00:00"]
[BlackClock "0:00:55"]
[Board "88"]

1. d4 d5 2. c4 e6 3. Nc3 Nf6 4. cxd5 exd5 5. Bg5 c6 6. e3 Nbd7 7. Bd3 Be7 8. Nge2 O-O 9. Qc2 h6 10. Bh4 Re8 11. f3 c5 12. Qd2 cxd4 13. exd4 Nb6 14. Bf2 a6 15. O-O Bd6 16. Bg3 Nh5 17. Bxd6 Qxd6 18. g4 Nf6 19. Qf4 Qxf4 20. Nxf4 Bd7 21. Rfe1 g5 22. Ng2 Nc4 23. Bxc4 dxc4 24. d5 Rxe1+ 25. Rxe1 Re8 26. Kf2 Rxe1 27. Kxe1 Kf8 28. Kd2 Ke7 29. Ke3 Kd6 30. Kd4 b5 31. Ne4+ Nxe4 32. fxe4 Bxg4 33. e5+ Kc7 34. Kc5 h5 35. Ne3 Bf3 36. a4 g4 37. axb5 axb5 38. Kxb5 h4 39. Kxc4 g3 40. hxg3 h3 41. Kc5 h2 42. d6+ Kd8 0-1


[Site "https://www.chess.com"]

[Event "Titled Tuesday Blitz August 1 Late 2023"]
[White "Bach, Matthias"]
[Black "Kula, Robert"]
[WhiteFideId "4603168"]
[BlackFideId "1101218"]
[WhiteElo "2369"]
[BlackElo "2263"]
[Result "0-1"]
[Round "11"]
[TimeControl "180+1"]
[Date "2023.08.01"]
[WhiteClock "0:00:15"]
[BlackClock "0:00:18"]
[Board "89"]

1. d4 d5 2. c4 c6 3. Nf3 Nf6 4. Nc3 dxc4 5. e4 b5 6. Be2 e6 7. O-O Be7 8. Rb1 O-O 9. a4 b4 10. e5 Nd5 11. Ne4 Ba6 12. Bg5 Bxg5 13. Nfxg5 h6 14. Nh3 Qa5 15. Nc5 c3 16. Qc2 Bxe2 17. Qxe2 Qd8 18. f4 a5 19. f5 exf5 20. Rxf5 Nd7 21. Ne4 c2 22. Rbf1 b3 23. Nd6 Qh4 24. Nf4 Nxf4 25. R5xf4 Qg5 26. Qc4 Nb6 27. Qxc6 Rac8 28. Nxc8 Rxc8 29. Qxb6 Qxf4 30. Rxf4 c1=Q+ 31. Rf1 Qg5 32. Qb7 Qe3+ 33. Kh1 Rf8 34. Qd5 Qe2 35. Rg1 Qxb2 36. e6 fxe6 37. Qxe6+ Kh8 38. d5 Qd2 39. d6 b2 40. Qe7 Qf2 41. d7 Qxg1+ 42. Kxg1 b1=Q+ 0-1


[Site "https://www.chess.com"]

[Event "Titled Tuesday Blitz August 1 Late 2023"]
[White "Dominguez Rincon, Miller Duvan"]
[Black "KorolDimitriy75"]
[WhiteFideId "4406583"]
[WhiteElo "2060"]
[BlackElo "2356"]
[Result "0-1"]
[Round "11"]
[TimeControl "180+1"]
[Date "2023.08.01"]
[WhiteClock "0:00:00"]
[BlackClock "0:00:31"]
[Board "90"]

1. e4 c5 2. Nf3 d6 3. d4 cxd4 4. Nxd4 Nf6 5. Nc3 g6 6. Be3 Bg7 7. f3 O-O 8. Qd2 Nc6 9. Bc4 Bd7 10. O-O-O Qa5 11. Bb3 Rfc8 12. Kb1 Ne5 13. Qe2 Rab8 14. g4 b5 15. h4 Nc4 16. Bc1 Qb6 17. g5 Nh5 18. Nd5 Qd8 19. Qe1 e6 20. Ne3 a5 21. Bxc4 bxc4 22. c3 Qb6 23. Ng4 Rb7 24. Rh2 Rcb8 25. f4 e5 26. Ne3 exd4 27. Nd5 Qc5 28. f5 gxf5 29. Ne7+ Kf8 30. exf5 Bxf5+ 31. Nxf5 Qxf5+ 32. Ka1 dxc3 0-1


[Site "https://www.chess.com"]

[Event "Titled Tuesday Blitz August 1 Late 2023"]
[White "Grinev, Valeriy"]
[Black "Osmonbekov, Talaibek"]
[WhiteFideId "14117517"]
[BlackFideId "2017253"]
[WhiteElo "2493"]
[BlackElo "2218"]
[Result "1-0"]
[Round "11"]
[TimeControl "180+1"]
[Date "2023.08.01"]
[WhiteClock "0:01:50"]
[BlackClock "0:00:39"]
[Board "91"]

1. Nf3 f5 2. d4 Nf6 3. c4 e6 4. Nc3 Bb4 5. Bd2 O-O 6. Qb3 a5 7. a3 Bxc3 8. Bxc3 d6 9. e3 a4 10. Qc2 Qe8 11. Bd3 g6 12. h4 Nh5 13. Ng5 Nc6 14. O-O-O e5 15. dxe5 Nxe5 16. Be2 Be6 17. Nxe6 Qxe6 18. Bxh5 gxh5 19. c5 Nc4 20. cxd6 Nxd6 21. Rh3 Rf7 22. Rg3+ Kf8 23. Rg5 Ne4 24. Rxh5 Nxf2 25. Qxf2 Re8 26. Bb4+ Kg7 27. Qg3+ Qg6 28. Rg5 1-0


[Site "https://www.chess.com"]

[Event "Titled Tuesday Blitz August 1 Late 2023"]
[White "Rama, Tejas"]
[Black "Vaglio Munoz, Jaime"]
[WhiteFideId "30907381"]
[BlackFideId "6500145"]
[WhiteElo "2405"]
[BlackElo "2269"]
[Result "0-1"]
[Round "11"]
[TimeControl "180+1"]
[Date "2023.08.01"]
[WhiteClock "0:00:08"]
[BlackClock "0:00:25"]
[Board "92"]

1. d4 c6 2. e4 b5 3. c4 bxc4 4. Bxc4 d5 5. exd5 cxd5 6. Bb5+ Bd7 7. Bd3 Qb6 8. Nf3 Bb5 9. O-O Bxd3 10. Qxd3 e6 11. Nc3 Nf6 12. Bf4 Be7 13. Nb5 Na6 14. Ne5 O-O 15. Bg5 Nb4 16. Qe2 a6 17. Nc3 Qxd4 18. Nd7 Rfd8 19. Rfd1 Qc4 20. Qxc4 dxc4 21. Nb6 Rdb8 22. Nxa8 Rxa8 23. Rac1 Nd3 24. Rc2 h6 25. Bh4 Rb8 26. b3 cxb3 27. axb3 Nc5 28. Bxf6 gxf6 29. Rb1 Nd3 30. Ne4 Nb4 31. Rc7 Kf8 32. Rd1 Nd5 33. Ra7 Rxb3 34. Rxa6 Rb4 35. Ng3 f5 36. h3 Kg7 37. Ra8 Kf6 38. Ra6 Nf4 39. Nf1 h5 40. Ra3 h4 41. Rf3 Ng6 42. Rc3 Ne5 43. Nd2 Rd4 44. Rc2 Bb4 45. f3 Kg6 46. Kf2 Ba5 47. Ke2 Nd3 48. Ke3 Bb6 49. Nb3 Rd6+ 50. Kd2 Nb4+ 51. Kc1 Rxd1+ 52. Kxd1 Nxc2 53. Kxc2 Kg5 54. Kd3 Kf4 55. Ke2 Kg3 56. Kf1 e5 57. Nc1 Kf4 58. Ne2+ Ke3 59. Nc3 Bd4 60. Nd5+ Kd3 61. Ne7 e4 62. Nxf5 e3 63. Nxd4 Kxd4 64. Ke2 f5 65. Ke1 f4 66. Kd1 Kd3 67. Ke1 Kc2 68. Ke2 Kc1 69. Ke1 Kc2 70. Ke2 Kc3 71. Ke1 Kd3 72. Kd1 e2+ 73. Ke1 Ke3 74. g4 fxg3 75. f4 g2 0-1


[Site "https://www.chess.com"]

[Event "Titled Tuesday Blitz August 1 Late 2023"]
[White "Necromon"]
[Black "UgarteCesar"]
[WhiteElo "2368"]
[BlackElo "2237"]
[Result "1-0"]
[Round "11"]
[TimeControl "180+1"]
[Date "2023.08.01"]
[WhiteClock "0:01:02"]
[BlackClock "0:00:05"]
[Board "93"]

1. Nf3 d5 2. c4 e6 3. b3 Nf6 4. Bb2 a5 5. g3 a4 6. Bg2 c6 7. O-O Nbd7 8. cxd5 exd5 9. bxa4 Qa5 10. Nc3 Nb6 11. d4 Nxa4 12. Nxa4 Qxa4 13. Qd3 Be7 14. Qe3 Qb4 15. Bc3 Qd6 16. Rfb1 O-O 17. Bb4 Qxb4 18. Rxb4 Bxb4 19. a4 Re8 20. Qb3 Ba5 21. e3 Ne4 22. Ne5 Nd2 23. Qc2 f6 24. Nd3 Nc4 25. Nc5 b6 26. Nb3 Bb4 27. Bf1 Ba6 28. Bxc4 Bxc4 29. Nd2 b5 30. Nxc4 dxc4 31. Qb2 Bf8 32. axb5 Rxa1+ 33. Qxa1 cxb5 34. Qa6 Rb8 35. Qa7 Rc8 36. Qb7 Rd8 37. Qxb5 Rc8 38. Qb7 Rd8 39. Qc6 Kh8 40. Qxc4 1-0


[Site "https://www.chess.com"]

[Event "Titled Tuesday Blitz August 1 Late 2023"]
[White "Vila Dupla, Aurelio"]
[Black "Shapiro, Daniel"]
[WhiteFideId "2203383"]
[BlackFideId "2001780"]
[WhiteElo "2169"]
[BlackElo "2357"]
[Result "0-1"]
[Round "11"]
[TimeControl "180+1"]
[Date "2023.08.01"]
[WhiteClock "0:00:15"]
[BlackClock "0:01:34"]
[Board "94"]

1. Nf3 Nf6 2. d4 b6 3. g3 d5 4. Bg2 e6 5. O-O Be7 6. c4 c6 7. b3 O-O 8. Bb2 Nbd7 9. Nbd2 Bb7 10. Qc2 Rc8 11. e4 Qc7 12. e5 Ne8 13. cxd5 cxd5 14. Qxc7 Nxc7 15. Rfc1 Nb5 16. a4 Nc7 17. Ba3 Bxa3 18. Rxa3 Na6 19. Raa1 Nb4 20. Bf1 Ba6 21. Bxa6 Nxa6 22. Ne1 Nb4 23. Ndf3 f6 24. Rxc8 Rxc8 25. exf6 gxf6 26. a5 b5 27. Kg2 Rc3 28. Rb1 Nc6 29. b4 Ndb8 30. Rb2 e5 31. dxe5 fxe5 32. Rc2 Rxc2 33. Nxc2 Na6 34. Kf1 Kf7 35. Ke2 Kf6 36. Kd2 Naxb4 37. Nxb4 Nxb4 38. h4 Nc6 39. Ng5 h6 0-1


[Site "https://www.chess.com"]

[Event "Titled Tuesday Blitz August 1 Late 2023"]
[White "Mesa Cruz, Juan Carlos"]
[Black "De Souza, Cristiano Gomes"]
[WhiteFideId "6423400"]
[BlackFideId "2151758"]
[WhiteElo "2336"]
[BlackElo "2237"]
[Result "1-0"]
[Round "11"]
[TimeControl "180+1"]
[Date "2023.08.01"]
[WhiteClock "0:01:39"]
[BlackClock "0:01:42"]
[Board "95"]

1. d4 Nf6 2. c4 g6 3. Nc3 Bg7 4. e4 d6 5. Nf3 O-O 6. Be2 e5 7. Be3 Ng4 8. Bg5 f6 9. Bd2 Nc6 10. d5 Ne7 11. h3 Nh6 12. h4 Ng4 13. h5 f5 14. hxg6 hxg6 15. exf5 gxf5 16. Bg5 Bf6 17. Qd2 Ng6 18. Bxf6 Qxf6 19. g3 e4 20. Nd4 N6e5 21. Bxg4 fxg4 22. Nxe4 Nf3+ 23. Nxf3 Qxf3 24. Qg5+ Kf7 25. Rh7+ 1-0


[Site "https://www.chess.com"]

[Event "Titled Tuesday Blitz August 1 Late 2023"]
[White "Vafin, Ayrat"]
[Black "Navyblue1"]
[WhiteFideId "4146530"]
[WhiteElo "2288"]
[BlackElo "1965"]
[Result "1-0"]
[Round "11"]
[TimeControl "180+1"]
[Date "2023.08.01"]
[WhiteClock "0:00:09"]
[BlackClock "0:00:04"]
[Board "96"]

1. e4 c5 2. Be2 d5 3. d3 dxe4 4. dxe4 Qxd1+ 5. Bxd1 Nc6 6. c3 Nf6 7. f3 e6 8. Ba4 Bd7 9. Bg5 Be7 10. Nd2 Rb8 11. Bf4 e5 12. Bxc6 exf4 13. Bxd7+ Nxd7 14. Ne2 g5 15. Nc4 b5 16. Na5 Rb6 17. O-O-O Ne5 18. Rd5 f6 19. Nb3 Rc6 20. h4 Nf7 21. hxg5 fxg5 22. g3 Ra6 23. gxf4 gxf4 24. Kb1 c4 25. Nbd4 b4 26. cxb4 Bxb4 27. Nxf4 Bd6 28. Nfe6 Rb6 29. Kc2 Ke7 30. Ng7 Rhb8 31. Rb1 Be5 32. Ngf5+ Kf6 33. b3 cxb3+ 34. Rxb3 Rc8+ 35. Kd3 Ra6 36. a3 Ng5 37. Ke3 Nh3 38. Ne2 Rc4 39. f4 Bc7 40. Nfd4 Rca4 41. Rf5+ Ke7 42. Nb5 Bb6+ 43. Kf3 Rc4 44. Re5+ Kf7 45. Nd6+ Kf6 46. Nxc4 Ng1+ 47. Nxg1 Bxg1 48. Rf5+ Kg6 49. Ne5+ Kg7 50. Rb7+ Kg8 51. Rg5+ Kf8 52. Rxg1 Rxa3+ 53. Kg4 h5+ 54. Kf5 Rh3 55. Rc1 Rg3 56. Rc8# 1-0


[Site "https://www.chess.com"]

[Event "Titled Tuesday Blitz August 1 Late 2023"]
[White "Papp, Petra"]
[Black "Garmendiarov"]
[WhiteFideId "739049"]
[WhiteElo "2420"]
[BlackElo "2272"]
[Result "1-0"]
[Round "11"]
[TimeControl "180+1"]
[Date "2023.08.01"]
[WhiteClock "0:00:16"]
[BlackClock "0:00:09"]
[Board "97"]

1. e4 c5 2. Nf3 d6 3. d4 cxd4 4. Nxd4 Nf6 5. Nc3 a6 6. f3 e5 7. Nb3 Be6 8. Be3 Be7 9. Qd2 h5 10. Nd5 Nxd5 11. exd5 Bf5 12. O-O-O Nd7 13. Bd3 Bxd3 14. Qxd3 Bg5 15. Kb1 Bxe3 16. Qxe3 Rc8 17. c3 O-O 18. g4 h4 19. Nd2 Nc5 20. Rhg1 g5 21. Ne4 f6 22. c4 Kg7 23. Rc1 Nxe4 24. fxe4 Rc5 25. b4 Rc8 26. c5 Qd7 27. Qc3 a5 28. Ka1 axb4 29. Qxb4 dxc5 30. Rxc5 Rxc5 31. Qxc5 Rc8 32. Qb4 Qc7 33. Rb1 Qc4 34. h3 Qc3+ 35. Qxc3 Rxc3 36. Rxb7+ Kf8 37. Rb3 Rc4 38. Re3 Rb4 39. a3 Rb6 40. Ka2 Ke7 41. Rb3 Ra6 42. Rb7+ Kd6 43. Kb3 Kc5 44. Rb4 Ra7 45. Rc4+ Kb5 46. Rc6 Rb7 47. Rxf6 Kc5+ 48. Kc3 Ra7 49. Rc6+ Kb5 50. Kb3 Rf7 51. a4+ Ka5 52. Rc5+ Kb6 53. Kb4 Rf4 54. a5+ Kb7 55. Rc4 Rf3 56. Rc3 Rf4 57. Re3 Rf1 58. Kc5 Kc7 59. d6+ Kd7 60. Kd5 Ra1 61. Kxe5 Rxa5+ 62. Kf6 Kxd6 63. e5+ Kd5 64. Kxg5 Kd4 65. Re1 Ra3 66. Kxh4 Ra5 67. e6 Ra8 68. e7 Re8 69. Kg5 Kd5 70. Kf6 Kd6 71. Kf7 Rxe7+ 72. Rxe7 1-0


[Site "https://www.chess.com"]

[Event "Titled Tuesday Blitz August 1 Late 2023"]
[White "Thiel, Thomas"]
[Black "Rodriguez Santiago, Jaime"]
[WhiteFideId "4615964"]
[BlackFideId "3100898"]
[WhiteElo "2263"]
[BlackElo "2323"]
[Result "0-1"]
[Round "11"]
[TimeControl "180+1"]
[Date "2023.08.01"]
[WhiteClock "0:00:12"]
[BlackClock "0:00:05"]
[Board "98"]

1. e4 c6 2. d4 d5 3. exd5 cxd5 4. c4 Nf6 5. Nc3 e6 6. Nf3 Be7 7. cxd5 Nxd5 8. Bd3 O-O 9. O-O Nc6 10. Re1 Nf6 11. a3 b6 12. Bf4 Bb7 13. Rc1 Rc8 14. Bb1 Na5 15. Ne5 Nc4 16. Nxc4 Rxc4 17. Be5 g6 18. Qd3 Rc8 19. Rcd1 Nd5 20. Ne4 f5 21. Nc3 Nxc3 22. bxc3 Qd5 23. f3 Bxa3 24. c4 Qa5 25. d5 exd5 26. cxd5 Bb4 27. Rf1 Ba6 28. Qb3 Bc4 29. Qb2 Bxf1 30. Rxf1 Qc5+ 31. Kh1 Rfe8 32. Bh8 Bc3 33. Bxc3 Qxc3 34. Qa2 Qc4 35. d6 Kg7 36. Qb2+ Qc3 37. Qa2 Re1 38. Qxa7+ Kh6 39. Qa6 Rxf1+ 40. Qxf1 Qc1 0-1


[Site "https://www.chess.com"]

[Event "Titled Tuesday Blitz August 1 Late 2023"]
[White "Gerbelli Neto, Eduardo"]
[Black "Celestino, Rafael Teixeira"]
[WhiteFideId "2103281"]
[BlackFideId "2108925"]
[WhiteElo "2305"]
[BlackElo "2229"]
[Result "1-0"]
[Round "11"]
[TimeControl "180+1"]
[Date "2023.08.01"]
[WhiteClock "0:00:16"]
[BlackClock "0:00:11"]
[Board "99"]

1. e4 e5 2. Nf3 Nc6 3. d4 exd4 4. Bc4 Bb4+ 5. c3 dxc3 6. O-O d6 7. Qb3 Qe7 8. a3 Bc5 9. Nxc3 Nf6 10. Bg5 Nd4 11. Nxd4 Bxd4 12. Bxf7+ Qxf7 13. Qa4+ Bd7 14. Qxd4 O-O 15. Bxf6 Qxf6 16. Qc4+ Rf7 17. Nd5 Qe6 18. Qd4 Rc8 19. Rac1 c6 20. Nc3 a6 21. Rcd1 Rf6 22. f4 c5 23. Qd2 b5 24. e5 Rh6 25. Qxd6 Bc6 26. Qxe6+ Rxe6 27. Rfe1 b4 28. Nd5 Ba4 29. Rc1 Bb3 30. Ne3 a5 31. Nf5 c4 32. Re3 bxa3 33. Rxb3 cxb3 34. Rxc8+ Kf7 35. bxa3 Rb6 36. Rc1 b2 37. Rb1 Rb3 38. a4 g6 39. Nd6+ Ke6 40. Nc4 Rb4 41. Nxb2 Kf5 42. g3 g5 43. fxg5 Kxg5 44. Kf2 Kf5 45. Ke3 h5 46. h3 Rb3+ 47. Kd2 Rxg3 48. Re1 Rxh3 49. Nd3 Rh2+ 50. Kc3 Ra2 51. Kb3 Rd2 52. Re3 Ke6 53. Nc5+ Ke7 54. e6 Rd5 55. Kc4 Rf5 56. Rd3 Rf4+ 57. Kb5 h4 58. Rd7+ Ke8 59. Rh7 Rg4 60. Nb7 Rg5+ 61. Kc6 Rg6 62. Nd6+ Kd8 63. Rh8+ Ke7 64. Re8+ Kf6 65. e7 Rg7 66. Kd7 Rxe7+ 67. Rxe7 h3 68. Rh7 h2 69. Rxh2 Ke5 70. Rb2 Kd5 71. Rb5+ Kd4 72. Rxa5 Kc3 73. Rb5 Kd4 74. a5 Kc3 75. a6 Kd4 76. a7 Kc3 77. a8=Q Kd4 78. Qc6 Ke3 79. Rd5 Kf4 80. Qc4+ Ke3 81. Rd3+ Ke2 82. Qc2+ Ke1 83. Rd1# 1-0


[Site "https://www.chess.com"]

[Event "Titled Tuesday Blitz August 1 Late 2023"]
[White "Arias Igual, Alejandro"]
[Black "Cooper, Aaron"]
[WhiteFideId "2254905"]
[BlackFideId "2634945"]
[WhiteElo "2255"]
[BlackElo "2303"]
[Result "1-0"]
[Round "11"]
[TimeControl "180+1"]
[Date "2023.08.01"]
[WhiteClock "0:00:06"]
[BlackClock "0:00:03"]
[Board "100"]

1. e4 c5 2. Nf3 d6 3. Bb5+ Bd7 4. Bxd7+ Qxd7 5. c4 Nc6 6. d4 cxd4 7. Nxd4 Nf6 8. Nc3 g6 9. f3 Bg7 10. Be3 O-O 11. Rc1 Rfc8 12. b3 Nxd4 13. Bxd4 Qd8 14. O-O Qa5 15. Kh1 a6 16. Bxf6 Bxf6 17. Nd5 Qxa2 18. Nb6 Rab8 19. Nxc8 Rxc8 20. f4 Rc5 21. g3 Rh5 22. Qc2 Qa5 23. Kg2 Kg7 24. Rcd1 Rc5 25. Rd5 Qc7 26. Qd3 b5 27. cxb5 axb5 28. Rf2 b4 29. Rxc5 Qxc5 30. Re2 Bc3 31. Qd5 Qa7 32. e5 dxe5 33. fxe5 e6 34. Qf3 Qc7 35. Qe4 h5 36. h4 Qc5 37. Kh2 Qb5 38. Kg2 Qa5 39. Kh2 Qa1 40. Rf2 Bxe5 41. Qb7 Bf6 42. Qxb4 Qe5 43. Qf4 Qc3 44. b4 Qe5 45. Qxe5 Bxe5 46. Kg2 Bc7 47. Rc2 Bb6 48. Rc6 Ba7 49. b5 Kf6 50. b6 Bb8 51. Rc8 Bd6 52. b7 Kf5 53. b8=Q Bxb8 54. Rxb8 e5 55. Rf8 f6 56. Kf3 Ke6 57. Rg8 Kf7 58. Ra8 f5 59. Ra6 Kg7 60. Re6 e4+ 61. Kf4 Kf7 62. Ra6 Kg7 63. Kg5 e3 64. Re6 Kf7 65. Rxe3 1-0


[Site "https://www.chess.com"]

[Event "Titled Tuesday Blitz August 1 Late 2023"]
[White "The_Straightforward_Rook"]
[Black "Petersson, Kjell"]
[BlackFideId "1705148"]
[WhiteElo "2303"]
[BlackElo "2201"]
[Result "0-1"]
[Round "11"]
[TimeControl "180+1"]
[Date "2023.08.01"]
[WhiteClock "0:02:23"]
[BlackClock "0:01:27"]
[Board "101"]

1. e4 c5 2. Nf3 d6 3. g3 Nf6 4. Bg2 Nxe4 5. O-O e6 6. d4 Be7 7. Re1 d5 8. Ne5 cxd4 9. Qxd4 Nf6 10. Nc3 O-O 11. h4 Nc6 12. Nxc6 bxc6 13. Bf4 c5 14. Qd2 Bd6 15. Nxd5 exd5 16. Bxd5 Bxf4 0-1


[Site "https://www.chess.com"]

[Event "Titled Tuesday Blitz August 1 Late 2023"]
[White "Stanisz, Patryk"]
[Black "Feliz Dotel, Dewar Bienvenido"]
[WhiteFideId "1123106"]
[BlackFideId "6402801"]
[WhiteElo "2295"]
[BlackElo "2164"]
[Result "0-1"]
[Round "11"]
[TimeControl "180+1"]
[Date "2023.08.01"]
[WhiteClock "0:00:02"]
[BlackClock "0:00:08"]
[Board "102"]

1. Nf3 d5 2. d4 e6 3. c4 c5 4. e3 cxd4 5. exd4 Nf6 6. Nc3 Nc6 7. Bd3 dxc4 8. Bxc4 Be7 9. O-O O-O 10. Bf4 a6 11. h3 b5 12. Bb3 Na5 13. Bc2 Bb7 14. Ne5 Rc8 15. Rc1 Nc4 16. b3 Nxe5 17. dxe5 Nd5 18. Nxd5 Qxd5 19. Qg4 h5 20. Qg3 Bh4 21. Qh2 Rfd8 22. Rfd1 Qxd1+ 23. Rxd1 Rxc2 24. Rxd8+ Bxd8 25. Qg3 Bb6 26. Be3 Bxe3 27. Qxe3 Rxa2 28. Qg5 Bd5 29. b4 Ra1+ 30. Kh2 Rb1 31. Qe7 Rb2 32. Qe8+ Kh7 33. Qxf7 Rxb4 34. Qxh5+ Kg8 35. Qe8+ Kh7 36. Kg3 Rb3+ 37. f3 a5 38. Qh5+ Kg8 39. Qe8+ Kh7 40. Kf4 Rb4+ 41. Kg5 Rb2 42. g4 Re2 43. Qh5+ Kg8 44. f4 Rc2 45. Qe8+ Kh7 46. Qxb5 Rc3 47. h4 Rg3 48. Qxa5 Bf3 49. h5 Rxg4# 0-1


[Site "https://www.chess.com"]

[Event "Titled Tuesday Blitz August 1 Late 2023"]
[White "Tarnowska, Aleksandra"]
[Black "Georg, Heinz"]
[WhiteFideId "1180967"]
[BlackFideId "4607295"]
[WhiteElo "2152"]
[BlackElo "2290"]
[Result "1-0"]
[Round "11"]
[TimeControl "180+1"]
[Date "2023.08.01"]
[WhiteClock "0:00:14"]
[BlackClock "0:00:03"]
[Board "103"]

1. e4 c5 2. Nf3 Nc6 3. Bb5 Nf6 4. e5 Ng4 5. Bxc6 bxc6 6. h3 Nh6 7. O-O g6 8. d3 Bg7 9. Nc3 Nf5 10. Ne4 d6 11. Bf4 d5 12. Nxc5 Qb6 13. Nb3 O-O 14. d4 Ba6 15. Re1 e6 16. Bg5 h6 17. Be3 Bc4 18. Qd2 Nxe3 19. Rxe3 Rad8 20. Qa5 Rfe8 21. Qxb6 axb6 22. Nfd2 Ba6 23. a3 Rc8 24. c3 c5 25. f4 Rc7 26. g4 h5 27. Kf2 hxg4 28. hxg4 Kf8 29. Rh1 Ke7 30. Rh7 Rg8 31. Nf3 Kf8 32. Ng5 Rh8 33. Reh3 Rxh7 34. Nxh7+ Ke7 35. Ng5 Rc8 36. Rh7 Rg8 37. dxc5 Bc4 38. Nd4 bxc5 39. Nc6+ Kd7 40. Na5 Bb5 41. Nxf7 Kc7 42. Ng5 Bd7 43. Nb3 Kc6 44. Ke3 Bf8 45. Nxc5 Bxc5+ 46. Kf3 Rb8 47. b4 Ba7 48. Nf7 d4 49. cxd4 Bxd4 50. Nd6 Ra8 51. Nc4 Ra7 52. Ke4 Kb5 53. Kxd4 Bc6 54. Rxa7 Bd5 55. Nd6+ Kc6 56. Ra6+ Kc7 57. b5 Bb7 58. Ra4 Bd5 59. Rb4 Kb6 60. a4 Ka5 61. Rb2 Kb6 62. Nc4+ Kb7 63. a5 Kc7 64. a6 Kb8 65. b6 Kc8 66. Nd6+ Kd7 67. Kc5 Ke7 68. b7 Bxb7 69. axb7 g5 70. b8=Q gxf4 71. Qe8# 1-0


[Site "https://www.chess.com"]

[Event "Titled Tuesday Blitz August 1 Late 2023"]
[White "Harshal, Shahi"]
[Black "dorpato"]
[WhiteFideId "5048257"]
[WhiteElo "2290"]
[BlackElo "2051"]
[Result "1-0"]
[Round "11"]
[TimeControl "180+1"]
[Date "2023.08.01"]
[WhiteClock "0:00:20"]
[BlackClock "0:00:00"]
[Board "104"]

1. e4 c5 2. Nf3 d6 3. d4 cxd4 4. Nxd4 Nf6 5. Nc3 a6 6. Bg5 e6 7. f4 Be7 8. Qf3 Qc7 9. Bd3 Nc6 10. Nxc6 bxc6 11. O-O O-O 12. Kh1 Bb7 13. Qh3 h6 14. e5 dxe5 15. fxe5 Qxe5 16. Bxh6 Qh5 17. Qxh5 Nxh5 18. Be3 Nf6 19. Na4 Nd5 20. Bc5 a5 21. Bxe7 Nxe7 22. Nc5 Bc8 23. a4 Nd5 24. c3 Rb8 25. b3 Nxc3 26. Rac1 Nd5 27. Rf3 Nb4 28. Bc4 e5 29. Re1 e4 30. Rxe4 Nd5 31. Rh4 Be6 32. Re4 Nf4 33. Nxe6 Nxe6 34. Rxe6 fxe6 35. Bxe6+ Kh7 36. Rh3+ Kg6 37. Kg1 Kf6 38. Bc4 Rbd8 39. Rf3+ Kg6 40. Rg3+ Kh6 41. Rh3+ Kg6 42. Rg3+ Kf6 43. Re3 Rd1+ 44. Kf2 Kg5+ 45. Kg3 Rdf1 46. Re5+ R1f5 47. h4+ Kg6 48. Bd3 Rf6 49. Kg4 c5 50. h5+ Kh6 51. Bxf5 g5 52. Re6 Rxe6 53. Bxe6 1-0


[Site "https://www.chess.com"]

[Event "Titled Tuesday Blitz August 1 Late 2023"]
[White "Tqebuchava, Zurab"]
[Black "Joubert, Dantelle"]
[WhiteFideId "13601113"]
[BlackFideId "14310813"]
[WhiteElo "2259"]
[BlackElo "2068"]
[Result "1-0"]
[Round "11"]
[TimeControl "180+1"]
[Date "2023.08.01"]
[WhiteClock "0:00:02"]
[BlackClock "0:00:00"]
[Board "105"]

1. e4 c5 2. Nf3 d6 3. Bb5+ Bd7 4. Bxd7+ Nxd7 5. O-O Ngf6 6. Re1 g6 7. c3 Bg7 8. d4 cxd4 9. cxd4 O-O 10. e5 Nd5 11. exd6 exd6 12. Bg5 Qb6 13. Qd2 Rfe8 14. Nc3 Nxc3 15. bxc3 Rac8 16. h4 Qc6 17. Rec1 Nb6 18. h5 Nc4 19. Qf4 Re4 20. Qg3 Qd7 21. h6 Bh8 22. Re1 Rce8 23. Rxe4 Rxe4 24. Re1 Rxe1+ 25. Nxe1 f6 26. Be3 Qe6 27. Nc2 Qe4 28. Qh3 f5 29. Nb4 a5 30. Qg3 axb4 31. Qg5 Kf7 32. Qd8 Bf6 33. Qc7+ Qe7 34. Qxc4+ Qe6 35. Qxb4 g5 36. Qxb7+ Kg6 37. Qb8 f4 38. Qb1+ Kxh6 39. Bd2 Qe2 40. Qe1 Qh5 41. Qe6 Qd1+ 42. Qe1 Qc2 43. Qe2 Kg6 44. Kh2 h5 45. Qe1 g4 46. Qe8+ 1-0


[Site "https://www.chess.com"]